 Dungeon Crawl Stone Soup version 0.30-a0-354-g6b83867211 (webtiles) character file.

Game seed: 3974984151196125201

49 Maxmaps the Trooper (level 3, -11/27 (29) HPs)
             Began as a Demonspawn Gladiator on Nov 7, 2022.
             Mangled by a gnoll
             ... wielding a +0 halberd
              (13 damage)
             ... on level 2 of the Dungeon.
             The game lasted 00:01:27 (1650 turns).

Maxmaps the Trooper (Demonspawn Gladiator)          Turns: 1650, Time: 00:01:28

HP:   -11/27 (29)   AC:  6    Str: 14    XL:     3   Next: 51%
MP:   3/3           EV: 13    Int: 11    God:
Gold: 179           SH:  0    Dex: 14    Spells: 2/2 levels left

rFire   . . .      SeeInvis .    a - +0 trident
rCold   . . .      Faith    .    (no shield)
rNeg    . . .      Spirit   .    k - +0 ring mail
rPois   .          Reflect  .    c - +0 helmet
rElec   .          Harm     .    (no cloak)
rCorr   .          Rampage  .    (no gloves)
Will    .....                    (no boots)
Stlth   +.........               i - amulet of regeneration
HPRegen 1.04/turn                (no ring)
MPRegen 0.08/turn                (no ring)

@: drained
A: claws 1, repulsion field 1
a: no special abilities


You were on level 2 of the Dungeon.
You visited 1 branch of the dungeon, and saw 2 of its levels.

You collected 179 gold pieces.

Inventory:

Hand Weapons
 a - a +0 trident (weapon)
Missiles
 d - 3 throwing nets (quivered)
 e - a javelin
Armour
 b - a +0 leather armour
 c - a +0 helmet (worn)
 k - a +0 ring mail (worn)
Jewellery
 i - an amulet of regeneration (around neck)
Scrolls
 f - a scroll of blinking {unknown}
 g - 2 scrolls of brand weapon {unknown}
 m - a scroll of amnesia {unknown}
 o - a scroll of immolation {unknown}
 p - a scroll of identify {unknown}
Potions
 h - a potion of attraction {unknown}
 j - a potion of brilliance {unknown}
 l - a potion of resistance {unknown}
 n - 2 potions of heal wounds {unknown}


   Skills:
 - Level 3.5 Fighting
 - Level 2.6 Polearms
 - Level 1.7 Throwing
 - Level 2.6 Dodging
 + Level 1.2 Unarmed Combat


You had 2 spell levels left.
You didn't know any spells.
Your spell library contained the following spells:

 Spells                   Type           Power      Damage    Failure   Level
 Sandblast                Erth           0%         2d4       58%         1
 Passwall                 Tmut/Erth      0%         N/A       73%         2
 Stone Arrow              Conj/Erth      0%         3d7       91%         3


Dungeon Overview and Level Annotations

Branches:
Dungeon (2/15)

Altars:


Innate Abilities, Weirdness & Mutations

You have sharp fingernails.
You are surrounded by a mild repulsion field. (EV +2)


Message History

There are monsters nearby!
The gnoll throws a throwing net.
The throwing net hits you.
You become entangled in the net!
You see here a throwing net.
You are held in a net!
You are held in a net!
You are held in a net!
You are held in a net!
You struggle against the net.
The gnoll hits you from afar with a +0 halberd!
You tear a large gash into the net.
The gnoll hits you with a +0 whip. The gnoll closely misses you.
You rip the net and break free!
The gnoll barely misses you.
You hit the gnoll.
The gnoll is moderately wounded.
The gnoll misses you.
You reach to attack!
You hit the gnoll but do no damage. The gnoll barely misses you.
You hit the gnoll.
The gnoll is heavily wounded.
The gnoll barely misses you. The gnoll hits you with a +0 whip.
The gnoll barely misses you. x2; The gnoll hits you but does no damage.
The gnoll hits you from afar with a +0 halberd!
The gnoll misses you. The gnoll hits you with a +0 halberd.
The gnoll hits you from afar with a +0 halberd.
You closely miss the gnoll. The gnoll misses you. The gnoll barely misses you.
You hit the gnoll.
The gnoll is lightly wounded.
The gnoll barely misses you. x2
You puncture the gnoll!
The gnoll is severely wounded.
The gnoll hits you with a +0 halberd!
The gnoll hits you from afar with a +0 halberd!
* * * LOW HITPOINT WARNING * * *
You hit the gnoll but do no damage.
The gnoll is severely wounded.
The gnoll barely misses you. x2
The gnoll attacks as you move away! The gnoll hits you with a +0 halberd!
You die...

#.......# ####.##
#.......## #...
#........# ####
##.....#.#
###..<##.#
#........# #######
#.#####..# #.....#
#.#####..# #.....#
#@##.gg..# #.....#
#g##.##.## #.....#
#gg.....# #..)..#
####..#.######.###
#.###.......#
######
#..#......#####
.#...#
#.#.####.......
.#.#.##########
###.#.# #.#####.
...#.##.......#
#.....# #.# #.


You could see 3 gnolls.

Vanquished Creatures
  A dart slug (D:2)
  3 ball pythons (D:2)
  3 endoplasms (D:1)
  3 giant cockroaches (D:1)
  6 goblins (D:1)
  6 hobgoblins
  A quokka (D:2)
  6 bats
  2 frilled lizards
  6 kobolds
  6 rats
43 creatures vanquished.

Notes
Turn   | Place    | Note
-------+----------+-------------------------------------------
     0 | D:1      | Maxmaps the Demonspawn Gladiator began the quest for the
                  | Orb.
     0 | D:1      | Reached XP level 1. HP: 16/16 MP: 1/1
   256 | D:1      | Gained mutation: You are surrounded by a mild repulsion
                  | field. (EV +2) [demonic ancestry]
   256 | D:1      | Reached XP level 2. HP: 23/23 MP: 2/2
   324 | D:1      | Reached skill level 3 in Fighting
   756 | D:2      | Gained mutation: You have sharp fingernails. [demonic
                  | ancestry]
   756 | D:2      | Reached XP level 3. HP: 29/29 MP: 3/3
  1116 | D:2      | Reached skill level 1 in Unarmed Combat
  1648 | D:2      | HP: 1/27 [gnoll/+0 halberd (12)]
  1650 | D:2      | Mangled by a gnoll

Illustrated notes

Levels and vault maps discovered:
D:1:      matt_arrival_spirals, layout_basic
D:2:      layout_loops_cross, fountainhead, minmay_pentomino_v4

Skill      XL: |  1  2  3 |
---------------+----------+-----
Fighting       | 3 |  3.5
Unarmed Combat | 1 |  1.2
Polearms       | |  2.6
Throwing       | |  1.7
Dodging        | |  2.6

Action                   || total
-------------------------++-------
Melee: Trident           ||   173
       Punch             ||     1
 Stab: Sleeping          ||     1
Armor: Leather armour    ||    38
       Ring mail         ||    17
Dodge: Dodged            ||   130

Table legend: (Time is in decaauts)
 A = Elapsed time spent in this place.
 B = Non-inter-level travel time spent in this place.
 C = Inter-level travel time spent in this place.
 D = Time resting spent in this place.
 E = Time spent auto-exploring this place.
 F = Levels seen in this place.
 G = Mean time per level.
                   A        B        C        D        E       F      G
               +--------+--------+--------+--------+--------+-----+--------+
         Total |   1680 |   1630 |     50 |    176 |   1079 |   2 |  840.0 |
       Dungeon |   1680 |   1630 |     50 |    176 |   1079 |   2 |  840.0 |
               +--------+--------+--------+--------+--------+-----+--------+

Top non-repeatable levels by time:
     D:2: 873 daAuts
     D:1: 806 daAuts
